 Dungeon Crawl Stone Soup version 0.27-a0-242-ge0fc76b88b (webtiles) character file.

Game seed: 4648138683650709466

542 siradein the Summoner (level 7, -6/36 HPs)
             Began as a Deep Elf Summoner on Feb 3, 2021.
             Shot with an arrow by a centaur (18 damage)
             ... on level 5 of the Dungeon.
             The game lasted 00:38:33 (5675 turns).

siradein the Summoner (Deep Elf Summoner)           Turns: 5675, Time: 00:38:34

Health: -6/36      AC:  5    Str:  5    XL:     7   Next: 6%
Magic:  8/13       EV: 13    Int: 22    God:
Gold:   174        SH:  0    Dex: 18    Spells: 3/12 levels left

rFire    . . .     SeeInvis .   (no weapon)
rCold    . . .     Faith    .   (no shield)
rNeg     + + .     Spirit   .   a - +0 robe
rPois    .         Reflect  .   (no helmet)
rElec    .         Harm     .   (no cloak)
rCorr    .         Rampage  .   h - +0 pair of gloves {Dex+3}
Will     .....                  i - +1 pair of boots "Vobuzul" {rN++}
Stlth    ++........             (no amulet)
HPRegen  0.12/turn              (no ring)
MPRegen  0.13/turn              (no ring)

@: no status effects
A: no striking features
a: no special abilities


You were on level 5 of the Dungeon.
You visited 1 branch of the dungeon, and saw 5 of its levels.

You collected 174 gold pieces.

Inventory:

Armour
 a - a +0 robe (worn)
 h - a +0 pair of gloves of dexterity (worn)
 i - the +1 pair of boots "Vobuzul" (worn) {rN++}
   (You found it on level 4 of the Dungeon)

   It greatly protects you from negative energy.
Jewellery
 k - a cursed -4 ring of strength {unknown}
Wands
 s - a wand of random effects (22)
Scrolls
 b - 2 scrolls of enchant weapon {unknown}
 f - 3 scrolls of teleportation {unknown}
 g - 2 scrolls of remove curse {unknown}
 j - 3 scrolls of identify
 l - a scroll of magic mapping {unknown}
 m - a scroll of blinking {unknown}
 n - 2 scrolls of noise {unknown}
 p - a scroll of amnesia {unknown}
 r - a scroll of torment {unknown}
Potions
 c - a potion of mutation {unknown}
 d - a potion of resistance {unknown}
 e - 2 potions of degeneration {unknown}
 o - 2 potions of flight {unknown}
 q - a potion of invisibility {unknown}


   Skills:
 - Level 2.5 Dodging
 - Level 2.4 Stealth
 - Level 3.0 Spellcasting
 + Level 9.3 Summonings


You had 3 spell levels left.
You knew the following spells:

 Your Spells              Type           Power        Failure   Level
a - Summon Small Mammal   Summ           100%         1%          1
b - Call Imp              Summ           44%          1%          2
c - Call Canine Familiar  Summ           44%          1%          3
d - Summon Guardian Gole  Hex/Summ       23%          5%          3

Your spell library contained the following spells:

 Spells                   Type           Power        Failure   Level
 Summon Ice Beast         Ice/Summ       23%          19%         4
 Summon Lightning Spire   Summ/Air       23%          19%         4


Dungeon Overview and Level Annotations

Branches:
Dungeon (5/15)
 Temple: D:4-7

Altars:
Ashenzari
Trog
The Shining One

Shops:
D:4 *[}(


Message History

The centaur wields a +0 shortbow.
The centaur shoots an arrow.
The arrow hits your hound!
Your hound dies!
Your hound's corpse disappears in a puff of smoke!
Casting: Call Canine Familiar (safe; 1% risk of failure)
Confirm with . or Enter, or press ? or * to list all spells.
The centaur shoots an arrow.
The arrow hits you!
The centaur shoots an arrow.
The arrow hits you! What are your orders? t - Shout!
Orders for allies: a - Attack new target. p - Attack previous target. r - Retreat! s - Stop attacking. g - Guard the area. f - Follow me.
Anything else - Cancel.
Gang up on whom?
Press: ? - help, Dir - move target, f/p - centaur
Aim: a centaur, wielding a +0 shortbow and quivering arrows (lightly wounded) Attack!
The centaur shoots an arrow.
The arrow hits you!!
Ouch! That really hurt!
You die...

#c #....# #.# #
#####....#. #..
#.#....##+##. ..#
#.#....##.##. .!
#.........##. #.##
###....#####. # #.c#
#....# #.
.####.##.#####....#####.
.......@.....'....'...+.
.####.##h.####....##.##.
# ##.## #....##.##. #..#
###........
#######.#####.###.#..
................#.#..
########.####.#.#.###
#..##..#.#.#..
##.##....#h#.#


You could see a centaur and a friendly hound (summoned).

Vanquished Creatures (collateral kills)
  Grinder (D:3)
  A wyvern (D:5)
  Duvessa (D:4)
  A sky beast (D:5)
  Dowan (D:4)
  2 orc priests
  A centaur skeleton (D:4)
  A hound (D:4)
  An iguana (D:4)
  5 orc wizards
  A worker ant (D:4)
  3 gnolls (D:2)
  5 adders
  A white imp (D:5)
  An adder skeleton (D:4)
  2 worms (D:3)
  4 leopard geckos
  9 orcs
  3 giant cockroaches
  8 goblins
  5 hobgoblins
  A quokka (D:5)
  3 bats (D:3)
  7 frilled lizards
  8 kobolds
  9 rats
85 creatures vanquished.

Vanquished Creatures (others)
  4 plants (D:4)
4 creatures vanquished.

Grand Total: 89 creatures vanquished

Notes
Turn   | Place    | Note
-------+----------+-------------------------------------------
     0 | D:1      | siradein the Deep Elf Summoner began the quest for the Orb.
     0 | D:1      | Reached XP level 1. HP: 10/10 MP: 6/6
   485 | D:1      | Reached XP level 2. HP: 15/15 MP: 0/8
   705 | D:1      | Learned a level 2 spell: Call Imp
   865 | D:1      | Reached skill level 5 in Summonings
  1407 | D:2      | Reached XP level 3. HP: 15/19 MP: 2/9
  1561 | D:2      | You fall into a shaft and drop 2 floors!
  1587 | D:4      | Found Touttope's Assorted Antiques.
  1658 | D:4      | Learned a level 3 spell: Call Canine Familiar
  1677 | D:4      | Found Muymael's Antique Armour Boutique.
  1679 | D:4      | Found Jovur's Gadget Shoppe.
  1777 | D:4      | Noticed Duvessa
  1887 | D:4      | Reached skill level 6 in Summonings
  1899 | D:4      | Noticed Dowan
  1905 | D:4      | Killed Dowan
  1906 | D:4      | Reached XP level 4. HP: 24/24 MP: 3/10
  2287 | D:4      | Killed Duvessa
  2288 | D:4      | Reached skill level 7 in Summonings
  2288 | D:4      | Reached XP level 5. HP: 26/28 MP: 2/11
  2725 | D:4      | Learned a level 3 spell: Summon Guardian Golem
  2750 | D:4      | Found a glowing golden altar of the Shining One.
  2802 | D:4      | Found a bloodstained altar of Trog.
  2803 | D:4      | Found a broken altar of Ashenzari.
  3037 | D:4      | Got a pair of transparent boots
  3038 | D:4      | Identified the +1 pair of boots "Vobuzul" {rN++} (You found
                  | it on level 4 of the Dungeon)
  3045 | D:4      | Found Tusomn's Antique Weapon Emporium.
  3343 | D:3      | Noticed Grinder
  3368 | D:3      | Paralysed by Grinder for 2 turns
  3398 | D:3      | Killed Grinder
  3399 | D:3      | Reached skill level 8 in Summonings
  3399 | D:3      | Reached XP level 6. HP: 30/32 MP: 4/12
  4831 | D:5      | Entered Level 5 of the Dungeon
  5028 | D:5      | Noticed a wyvern
  5041 | D:5      | Killed a wyvern
  5155 | D:5      | Reached skill level 9 in Summonings
  5321 | D:5      | Noticed a sky beast
  5341 | D:5      | Killed a sky beast
  5342 | D:5      | Reached XP level 7. HP: 20/36 MP: 8/13
  5675 | D:5      | Shot with an arrow by a centaur

Illustrated notes

Levels and vault maps discovered:
D:1:      dpeg_arrival_signposts, layout_basic
D:2:      layout_rooms
D:3:      minmay_bubble_buster, layout_loops_ring, st_stairs_12, uniq_grinder
D:4:      layout_loops_cross, grunt_temple_overflow_open, serial_shops,
          nicolae_shop_overgrown_old_shop, shop,
          nicolae_shop_temple_entry_statues_fountains, nicolae_shop_waterfront,
          nicolae_tso_carved_into_rock, uniq_duvessa
D:5:      layout_basic, minitemple, serial_shops, shop_statue,
          minmay_misc_feat_more_columns

Skill      XL: |  1  2  3  4  5  6 |
---------------+-------------------+-----
Summonings     | 5 6 7 8 9 |  9.3
Dodging        | |  2.5
Stealth        | |  2.4
Spellcasting   | |  3.0

Action                   |  1- 3 |  4- 6 |  7- 9 || total
-------------------------+-------+-------+-------++-------
Melee: Unarmed           |       |     1 |       ||     1
 Cast: Summon Small Mamm |    40 |       |       ||    40
       Call Imp          |    35 |    19 |       ||    54
       Call Canine Famil |       |    32 |     3 ||    35
       Summon Guardian G |       |     3 |       ||     3
  Use: Scroll            |       |     1 |       ||     1
Armor: Robe              |       |     4 |       ||     4
Dodge: Dodged            |     6 |    18 |     1 ||    25

Table legend: (Time is in decaauts)
 A = Elapsed time spent in this place.
 B = Non-inter-level travel time spent in this place.
 C = Inter-level travel time spent in this place.
 D = Time resting spent in this place.
 E = Time spent auto-exploring this place.
 F = Levels seen in this place.
 G = Mean time per level.
                   A        B        C        D        E       F      G
               +--------+--------+--------+--------+--------+-----+--------+
         Total |   5674 |   5476 |    198 |     31 |   4188 |   5 | 1134.8 |
       Dungeon |   5674 |   5476 |    198 |     31 |   4188 |   5 | 1134.8 |
               +--------+--------+--------+--------+--------+-----+--------+

Top non-repeatable levels by time:
     D:4: 1976 daAuts
     D:3: 1293 daAuts
     D:1: 1235 daAuts
     D:5: 843 daAuts
     D:2: 325 daAuts
